 Dungeon Crawl Stone Soup version 0.29.1-4-g47bece8355 (webtiles) character file.

Game seed: 6830057657645192718

42 DominarK the Trooper (level 3, -3/29 HPs)
             Began as a Demonspawn Abyssal Knight on Dec 2, 2022.
             Was a Priest of Lugonu.
             Slain by a goblin
             ... wielding a +0 dagger
             ... led by Robin
              (5 damage)
             ... on level 2 of the Dungeon.
             The game lasted 00:05:18 (533 turns).

DominarK the Trooper (Demonspawn Abyssal Knight)     Turns: 533, Time: 00:05:18

Health: -3/29      AC: 12    Str: 15    XL:     3   Next: 35%
Magic:  4/4        EV: 11    Int: 11    God:    Lugonu [***...]
Gold:   34         SH:  0    Dex: 13    Spells: 2/2 levels left

rFire   . . .      SeeInvis .   e - +0 flail
rCold   . . .      Faith    .   (no shield)
rNeg    . . .      Spirit   .   g - +3 leather armour
rPois   .          Reflect  .   (no helmet)
rElec   .          Harm     .   (no cloak)
rCorr   .          Rampage  .   (no gloves)
Will    .....                   (no boots)
Stlth   +.........              (no amulet)
HPRegen 0.09/turn               (no ring)
MPRegen 0.09/turn               (no ring)

@: lethally poisoned (-3 -> -8), sanguine armoured
A: sanguine armour 1
a: Renounce Religion, Depart the Abyss, Bend Space, Banish


You were on level 2 of the Dungeon.
You worshipped Lugonu.
Lugonu was most pleased with you.
You visited 1 branch of the dungeon, and saw 3 of its levels.
You visited the Abyss 1 time.

You collected 34 gold pieces.

Inventory:

Hand Weapons
 a - a +1 falchion
 c - a +0 whip
 d - a +1 whip of flaming
 e - a +0 flail (weapon)
Armour
 b - a +0 leather armour
 f - a +0 ring mail
 g - a +3 leather armour (worn)


   Skills:
 + Level 3.4 Fighting
 + Level 2.4 Long Blades
 + Level 0.6 Maces & Flails
 + Level 2.1 Armour
 + Level 1.0 Dodging
 + Level 2.6 Invocations


You had 2 spell levels left.
You didn't know any spells.
Your spell library contained the following spells:

 Spells                   Type           Power      Damage    Failure   Level
 Gell's Gravitas          Tloc           0%         N/A       78%         3
 Lesser Beckoning         Tloc           0%         N/A       78%         3
 Teleport Other           Tloc           0%         N/A       78%         3


Dungeon Overview and Level Annotations

Branches:
Dungeon (3/15)

Altars:

Annotations:
D:2 Robin


Innate Abilities, Weirdness & Mutations

When seriously injured, your blood forms armour. (AC +6)


Message History

Robin throws the goblin at you!
Things that are here:
a +0 club; a goblin corpse You hit the goblin.
You kill the goblin!
Lugonu accepts your kill.
You can now banish your foes.
The goblin barely misses you. The goblin attacks as you move away!
The goblin closely misses you.
You hit the goblin.
The goblin is severely wounded.
You barely miss the goblin.
The goblin is severely wounded.
The goblin no longer looks unusually strong.
The goblin hits you but does no damage. The goblin hits you with a +0 club.
The goblin misses you.
You sock the goblin!
You kill the goblin!
Lugonu accepts your kill.
You closely miss the goblin.
The goblin is heavily wounded.
The goblin hits you but does no damage. x2; Robin throws the goblin at you!
Robin hits you but does no damage.
You are lethally poisoned!
You see here a +0 club.
You sock Robin!
Robin is heavily wounded.
* * * LOW HITPOINT WARNING * * *
You feel very sick. Robin hits you but does no damage.
The goblin closely misses you.
You hit Robin but do no damage.
Robin is heavily wounded.
* * * LOW HITPOINT WARNING * * *
You feel sick. The goblin barely misses you.
Robin roars a battlecry!
The goblin goes into a battle-frenzy!
You barely miss Robin.
Robin is heavily wounded.
* * * LOW HITPOINT WARNING * * *
You feel sick. Robin barely misses you. The goblin hits you with a +0 dagger.
You die...

#. ## #.#.. ..#.#
#.#.# #.#.# #.#.#
..#####.#.#######
.......g.).......
.#####@#)###...
#g#.# #.#g# #.#g#
#.#)# ..#.# ###.#
######.# #......#


You could see Robin and a goblin (strong).

Vanquished Creatures
  An adder (D:2)
  A giant cockroach (D:1)
  11 goblins
  4 hobgoblins
  6 kobolds
  A quokka (D:1)
  A ball python (D:2)
  A bat (D:2)
  A frilled lizard (D:1)
27 creatures vanquished.

Vanquished Creatures (others)
  A fungus (D:3)
  5 plants (D:3)
6 creatures vanquished.

Grand Total: 33 creatures vanquished

Notes
Turn   | Place    | Note
-------+----------+-------------------------------------------
     0 | Abyss:1  | DominarK the Demonspawn Abyssal Knight began the quest for
                  | the Orb.
     0 | Abyss:1  | Reached XP level 1. HP: 18/18 MP: 2/2
     3 | D:1      | Escaped the Abyss
   162 | D:1      | Gained mutation: When seriously injured, your blood forms
                  | armour. (AC +6) [demonic ancestry]
   162 | D:1      | Reached XP level 2. HP: 5/24 MP: 1/3
   168 | D:1      | Reached skill level 1 in Dodging
   479 | D:2      | Noticed Robin
   494 | D:2      | Reached XP level 3. HP: 9/29 MP: 4/4
   522 | D:2      | Reached *** piety under Lugonu
   533 | D:2      | Slain by a goblin

Illustrated notes

Levels and vault maps discovered:
D:1:      psy_arrival_spokes, layout_basic
D:2:      layout_basic, uniq_robin
D:3:      layout_loops_ring, nicolae_overflow_hidden_temple,
          shapermc_ecumenical_altar_gd

Skill      XL: |  1  2 |
---------------+-------+-----
Armour         | 2 |  2.1
Dodging        | 1 |  1.0
Long Blades    | 2 |  2.4
Fighting       | |  3.4
Maces & Flails | |  0.6
Invocations    | |  2.6

Action                   || total
-------------------------++-------
Melee: Whip              ||    22
       Falchion          ||     7
       Flail             ||    46
Invok: Bend Space        ||     3
  Use: Potion            ||     3
       Scroll            ||     1
Armor: Leather armour    ||    54
Dodge: Dodged            ||    69
